 Dungeon Crawl Stone Soup version 0.23.1-37-gaa34b87b72 (webtiles) character file.

Game seed: 1181041791030320807

208 Norn the Vandal (level 6, -2/61 HPs)
             Began as a Halfling Hunter on Mar 25, 2019.
             Was an Initiate of Okawaru.
             Slain by a killer bee (8 damage)
             ... on level 4 of the Dungeon.
             The game lasted 00:09:39 (3010 turns).

Norn the Vandal (Halfling Hunter)                   Turns: 3010, Time: 00:09:40

Health: -2/61      AC:  3    Str: 18    XL:     6   Next: 11%
Magic:  6/6        EV: 15    Int: 11    God:    Okawaru [......]
Gold:   145        SH:  0    Dex: 15    Spells: 5/5 levels left

rFire    . . .     SeeInvis .   b - +0 short sword
rCold    . . .     Gourm    .   (shield restricted)
rNeg     . . .     Faith    .   c - +0 leather armour
rPois    .         Spirit   .   (no helmet)
rElec    .         Reflect  .   (no cloak)
rCorr    .         Harm     .   (no gloves)
MR       .....                  (no boots)
Stlth    ..........             (no amulet)
HPRegen  0.20/turn              (no ring)
MPRegen  0.10/turn              (no ring)

@: berserking, lethally poisoned (-2 -> -15), very quick
A: small, mutation resistance 1
a: Renounce Religion


You were on level 4 of the Dungeon.
You worshipped Okawaru.
Okawaru was noncommittal.
You were not hungry.

You visited 1 branch of the dungeon, and saw 4 of its levels.

You collected 145 gold pieces.

Inventory:

Hand Weapons
 a - a +1 hunting sling
 b - a +0 short sword (weapon)
Missiles
 d - 72 sling bullets
 h - 95 stones (quivered)
Armour
 c - a +0 leather armour (worn)
Scrolls
 f - 3 scrolls of remove curse {@r2}
 g - 2 scrolls of enchant armour {unknown}
 i - 3 scrolls of identify {unknown}
 k - 3 scrolls of immolation {unknown}
 o - a scroll of fog {unknown}
 p - a scroll of noise {unknown}
 r - a scroll of enchant weapon {unknown}
 s - 2 scrolls of teleportation {unknown}
 t - 2 scrolls of blinking {unknown}
Potions
 j - 2 potions of haste {unknown}
 m - 2 potions of heal wounds {unknown}
 n - a potion of flight {unknown}
 q - a potion of invisibility {unknown}
 v - a potion of curing {unknown}
Comestibles
 e - 3 rations {!d}


   Skills:
 + Level 2.5 Fighting
 * Level 3.5 Short Blades
 * Level 7.2 Slings
 + Level 3.2 Dodging
 + Level 2.0 Stealth


You had 5 spell levels left.
You didn't know any spells.
Your spell library was empty.

Dungeon Overview and Level Annotations

Branches:
Dungeon (4/15)
 Temple: D:4-7

Altars:
Ashenzari
Elyvilon
Okawaru
Ru


Innate Abilities, Weirdness & Mutations

You are small and have problems with some larger weapons.
You are somewhat resistant to further mutation.


Message History

Aim: a killer bee You shoot a stone.
The stone barely misses the killer bee.
The stone hits the killer bee.
You feel sick. The killer bee completely misses you.
b - a +0 short sword (weapon)
The killer bee stings you!
You hit the killer bee.
You feel sick.
The killer bee stings you but does no damage.
The killer bee closely misses you.
The killer bee buzzes angrily.
You hit the killer bee. The killer bee barely misses you.
The killer bee stings you.
* * * LOW HITPOINT WARNING * * *
You are lethally poisoned!
The killer bee poisons you!
As you read the scroll labeled YDEFACK NOUGUMPUV, it crumbles to dust.
You feel blessed for a moment.
It was a scroll of remove curse.
* * * LOW HITPOINT WARNING * * *
You feel sick. The killer bee barely misses you. x2
A red film seems to cover your vision as you go berserk!
You feel yourself moving faster!
You feel mighty!
You feel sick. The killer bee misses you.
The killer bee stings you but does no damage.
You puncture the killer bee!
You kill the killer bee!
Okawaru accepts your kill.
Your Stealth skill increases to level 2!
You have reached level 6!
Your experience leads to an increase in your attributes!
Your base attributes are Str 13, Int 10, Dex 15.
Increase (S)trength, (I)ntelligence, or (D)exterity?
You feel clever.
The killer bee stings you but does no damage.
You miss the killer bee.
You feel sick. The killer bee barely misses you.
You hit the killer bee but do no damage.
You feel sick. The killer bee stings you.
* * * LOW HITPOINT WARNING * * *
You barely miss the killer bee. The killer bee stings you.
* * * LOW HITPOINT WARNING * * *
You barely miss the killer bee.
You feel sick. The killer bee barely misses you.
You closely miss the killer bee.
You feel sick. The killer bee stings you.
* * * LOW HITPOINT WARNING * * *
You are more poisoned.
The killer bee poisons you! The killer bee closely misses you.
You closely miss the killer bee.
* * * LOW HITPOINT WARNING * * *
You feel sick. The killer bee completely misses you.
You hit the killer bee. The killer bee stings you!
You die...

#.# ##... #.#
.### #.# # #.#
#.# #.# #.# #.#
#@# #y# #y# #(#
...........y...
##.####.>###.#.
#..# #(.# #..#


You could see 2 killer bees.

Vanquished Creatures
  A killer bee (D:4)
  A worker ant (D:4)
  A hound skeleton (D:4)
  6 adders
  2 worms
  A dart slug (D:2)
  5 leopard geckos
  An orc (D:3)
  2 ball pythons
  3 giant cockroaches
  8 goblins
  7 hobgoblins
  4 kobolds
  2 quokkas
  6 bats
  3 frilled lizards (D:1)
  8 rats
61 creatures vanquished.

Notes
Turn   | Place    | Note
-------+----------+-------------------------------------------
     0 | D:1      | Norn the Halfling Hunter began the quest for the Orb.
     0 | D:1      | Reached XP level 1. HP: 14/14 MP: 1/1
   114 | D:1      | Reached skill level 1 in Short Blades
   152 | D:1      | Reached XP level 2. HP: 19/19 MP: 2/2
   161 | D:1      | Reached skill level 6 in Slings
   598 | D:2      | Found a white marble altar of Elyvilon.
   624 | D:2      | Reached XP level 3. HP: 24/24 MP: 3/3
   823 | D:2      | Found a sacrificial altar of Ru.
   999 | D:2      | Reached XP level 4. HP: 29/29 MP: 4/4
  1281 | D:2      | Found a shattered altar of Ashenzari.
  1787 | D:3      | Reached XP level 5. HP: 31/34 MP: 5/5
  2606 | D:4      | Found an iron altar of Okawaru.
  2645 | D:4      | Became a worshipper of Warmaster Okawaru
  2663 | D:4      | Reached skill level 7 in Slings
  3003 | D:4      | Reached XP level 6. HP: 22/41 MP: 6/6
  3010 | D:4      | Slain by a killer bee

Skill      XL: |  1  2  3  4  5 |
---------------+----------------+-----
Short Blades   | 1 2 3 |  3.5
Slings         | 6 7 |  7.2
Fighting       | 2 |  2.5
Dodging        | 3 |  3.2
Stealth        | 2 |  2.0

Action                   |  1- 3 |  4- 6 || total
-------------------------+-------+-------++-------
Melee: Short sword       |    37 |    76 ||   113
 Fire: Hunting sling     |    70 |    94 ||   164
  Use: Scroll            |       |     1 ||     1
       Potion            |       |     1 ||     1
  Eat: Chunk             |       |     6 ||     6
Armor: Leather armour    |    14 |    19 ||    33
Dodge: Dodged            |    39 |    95 ||   134
